 Dungeon Crawl Stone Soup version 0.18-a0-5-gf1fb587 (webtiles) character file.

0 Duffy the Sneak (level 1, -5/15 HPs)
             Began as a Naga Enchanter on Oct 31, 2015.
             Slain by a gnoll
             ... wielding a +0 spear
              (6 damage)
             ... on level 1 of the Dungeon.
             The game lasted 00:00:17 (56 turns).

Duffy the Sneak (Naga Enchanter)                      Turns: 56, Time: 00:00:18

Health: -5/15      AC:  2    Str: 10    XL:     1   Next: 10%
Magic:  3/3        EV: 10    Int: 15    God:
Gold:   32         SH:  0    Dex: 11    Spells: 1 memorised, 3 levels left

rFire  . . .     SeeInvis +     a - +1 dagger
rCold  . . .     Clarity  .     b - +1 robe
rNeg   . . .     SustAt   .     (no shield)
rPois  +         Gourm    .     (no helmet)
rElec  .         Spirit   .     (no cloak)
rCorr  .         Warding  .     (no gloves)
rMut   .         Stasis   .     (no barding)
MR     .....                    (no amulet)
Stlth  +++.......               (no ring)
                                (no ring)

@: short of breath, very slow, not resistant to hostile enchantments, fairly
stealthy
A: see invisible, deformed body, poison resistance, slowness 2, slow metabolism
1, spit poison 2, AC +0
a: Spit Poison


You were on level 1 of the Dungeon.
You were not hungry.

You visited 1 branch of the dungeon, and saw 1 of its levels.

You collected 32 gold pieces.


Innate Abilities, Weirdness & Mutations

You cannot wear boots.
Your serpentine skin is tough (AC +0).
You have supernaturally acute eyesight.
Armour fits poorly on your strangely shaped body.
Your system is resistant to poisons.
You cover ground very slowly.
You have a slow metabolism.
You can spit poison.


   Skills:
 + Level 1.1 Short Blades
 - Level 1.5 Dodging
 + Level 4.4 Stealth
 - Level 2.0 Spellcasting
 - Level 3.0 Hexes


You had 3 spell levels left.
You knew the following spells:

 Your Spells              Type           Power        Failure   Level  Hunger
a - Corona                Hex            ##.....      8%          1    #......

Inventory:

Hand Weapons
 a - a +1 dagger (weapon)
Missiles
 e - 21 stones (quivered)
Armour
 b - a +1 robe (worn)
Books
 c - a book of Maledictions
Comestibles
 d - a bread ration
 f - a meat ration

Dungeon Overview and Level Annotations

Branches:
Dungeon (1/15)

Altars:


Message History

You kill the bat!
You feel slightly more hungry.
You see here a bat corpse.
You have got your breath back.
You open the door.
There is an open door here.
You open the door.
There is an open door here.
A gnoll comes into view. It is wielding a spear.
The gnoll shouts!
Press: ? - help, Shift-Dir - straight line, f - gnoll
Aim: a gnoll, wielding a spear The splash of poison misses the gnoll.
You feel slightly more hungry. The gnoll closely misses you.
You have got your breath back.
Press: ? - help, Shift-Dir - straight line, f/p - gnoll
Aim: a gnoll, wielding a spear The splash of poison hits the gnoll.
The gnoll is poisoned.
The gnoll is lightly wounded.
You feel slightly more hungry.
The gnoll hits you from afar with a spear!
Ouch! That really hurt!
The gnoll hits you but does no damage.
You have got your breath back.
A kobold comes into view. It is wielding a dagger.
The kobold throws a stone.
The stone hits you.
The kobold throws a stone.
The stone barely misses you.
You see here 2 stones.
The gnoll barely misses you.
Found 13 gold pieces.
Press: ? - help, Shift-Dir - straight line, f/p - gnoll
Aim: a gnoll, wielding a spear (moderately wounded)
The splash of poison misses the gnoll.
You feel slightly more hungry.
The gnoll hits you from afar with a spear.
You die...

#.#....# #.####'#....#
#.#....# #...†.......#
#......# #.......#'###
##....># #.......#.#
#...#.# #......(#.#
######..#.# [#.......#.#
..........# .#.####.##.#
#######.#.#..#.####(##.###
#.#.#..#..@.g........
#......######.##.....
#...#..... .... ....
#......... .........
#..####.. ...##.....
#..#..# ...# ..... #.....+
.K... ... #..#<.# $# ..
#..#..+


You could see a gnoll.

Action                   || total
-------------------------++-------
 Abil: Spit Poison       ||     4

Notes
Turn   | Place    | Note
--------------------------------------------------------------
     0 | D:1      | Duffy the Naga Enchanter began the quest for the Orb.
     0 | D:1      | Reached XP level 1. HP: 15/15 MP: 3/3
    56 | D:1      | Slain by a gnoll

Vault maps used:
D:1:      dpeg_arrival_ratfight

Vanquished Creatures
  A bat
1 creature vanquished.
